 Dungeon Crawl Stone Soup version 0.18.1-5-g4a78601 (webtiles) character file.

234499 ololoev the Severer (level 18, -3/134 HPs)
             Began as a Demonspawn Artificer on May 12, 2016.
             Was the Champion of Lugonu.
             Splashed by a deep elf sorcerer's acid (10 damage)
             ... led by an ironheart preserver
             ... on level 1 of the Vaults.
             The game lasted 01:50:33 (39522 turns).

ololoev the Severer (Demonspawn Artificer)         Turns: 39522, Time: 01:50:33

Health: -3/134     AC: 39    Str: 17    XL:     18   Next: 88%
Magic:  26/26      EV:  6    Int: 14    God:    Lugonu [******]
Gold:   244        SH:  0    Dex: 13    Spells: 2 memorised, 14 levels left

rFire  + . .     SeeInvis +     a - +8 frozen axe "Frostbite" {freezing cloud, *Noise +Fly rC+}
rCold  + + +     Gourm    .     E - +5 gold dragon armour
rNeg   + . .     Faith    .     (shield currently unavailable)
rPois  +         Spirit   .     (helmet unavailable)
rElec  .         Dismiss  .     F - +2 cloak {MR+}
rCorr  .         Reflect  .     O - +2 pair of gloves
SustAt .         Harm     .     y - +1 pair of boots of Benevolence {rN+}
MR     ++...     Clarity  +     (no amulet)
Stlth  ..........               q - +3 ring of slaying
                                G - ring of see invisible

@: corroded, very slightly contaminated, hasted, very quick, very resistant to
hostile enchantments, extremely unstealthy
A: horns 3, talons 1, rough black scales 3, clarity, cold resistance 1, low mp
1, nightstalker 2, freezing cloud immunity
a: Depart the Abyss, Bend Space, Banish, Corrupt, Enter the Abyss, Renounce
Religion, Evoke Flight
}: 1/15 runes: barnacled


Innate Abilities, Weirdness & Mutations

You have a pair of large horns on your head.
You are completely covered in rough black scales (AC +10, Dex -3).
Your flesh is cold resistant.
You are significantly more attuned to the shadows.
You are immune to freezing clouds.
You have sharp toenails.
You possess an exceptional clarity of mind.
Your magical capacity is low (-10% MP).

Inventory:

Hand Weapons
 a - the +8 frozen axe "Frostbite" (weapon) {freezing cloud, *Noise +Fly rC+}
   (You acquired it on level 3 of the Lair of Beasts)

   It has been specially enchanted to freeze those struck by it, causing extra
   injury to most foes and up to half again as much damage against particularly
   susceptible opponents.
   It can also slow down cold-blooded creatures.
   It protects you from cold.
   It lets you fly.
   It may make noises in combat.
 b - a +1 war axe of flaming
Armour
 y - the +1 pair of boots of Benevolence (worn) {rN+}
   (You acquired it on level 2 of the Shoals)

   It protects you from negative energy.
 E - a +5 gold dragon armour (worn)
 F - a +2 cloak of magic resistance (worn)
 O - a +2 pair of gloves (worn)
Jewellery
 n - a +5 ring of protection
 q - a +3 ring of slaying (right hand)
 v - an uncursed amulet of regeneration
 G - a ring of see invisible (left hand)
Wands
 T - a wand of digging (8/24)
 X - a wand of disintegration (14/24)
Scrolls
 h - 11 scrolls of recharging
 j - 6 scrolls of fog
 r - 15 scrolls of teleportation
 s - 13 scrolls of remove curse
 w - 5 scrolls of magic mapping
 J - 10 scrolls of enchant weapon
 M - 3 scrolls of immolation
Potions
 e - a potion of ambrosia
 g - 3 potions of might
 i - 4 potions of agility
 m - 2 potions of heal wounds
 o - 9 potions of curing
 B - 5 potions of flight
 C - 2 potions of haste
 H - 2 potions of cancellation
 N - 2 potions of magic
Books
 d - a book of Unlife

   Spells                             Type                      Level
   a - Recall                         Summoning/Translocation      3
   b - Animate Dead                   Necromancy                   4
   c - Control Undead                 Necromancy                   4
   d - Cigotuvi's Embrace             Necromancy                   5
   e - Death Channel                  Necromancy                   6
   f - Simulacrum                     Ice/Necromancy               6
 x - a book of Alchemy

   Spells                             Type                      Level
   a - Sublimation of Blood           Necromancy                   2
   b - Ignite Poison                  Fire/Transmutation/Poison    3
   c - Petrify                        Transmutation/Earth          4
   d - Alistair's Intoxication        Transmutation/Poison         5
   e - Irradiate                      Conjuration/Transmutation    5
Miscellaneous
 c - a lamp of fire
 z - a sack of spiders
 L - a box of beasts {used: 8}
Comestibles
 f - 24 bread rations
 k - 7 royal jellies
 l - 53 fruits
 p - 4 chunks of flesh
 t - 14 meat rations
 A - 10 beef jerkies
 I - 14 slices of pizza


   Skills:
 - Level 10.0 Fighting
   Level 0.8 Short Blades
 * Level 18.1(19.2) Axes
   Level 12.2(16.4) Maces & Flails
 + Level 13.1 Armour
 + Level 11.6 Dodging
 - Level 0.8 Stealth
 - Level 15.1 Invocations
 - Level 7.9 Evocations


You had 14 spell levels left.
You knew the following spells:

 Your Spells              Type           Power        Failure   Level  Hunger
a - Apportation           Tloc           #.........   100%        1    ##.....
b - Repel Missiles        Chrm/Air       #.....       100%        2    ###....


You were on level 1 of the Vaults.
You worshipped Lugonu.
Lugonu was exalted by your worship.
You were not hungry.

You visited 6 branches of the dungeon, and saw 34 of its levels.
You also visited: Labyrinth, Ice Cave and Volcano.

You collected 3473 gold pieces.
You spent 3229 gold pieces at shops.

#...J############....#'###
#....#..........#....#...
#e)..#..........#....#...
#e)..#..........'....#
#C...#..........#....#
#(...#..........'....#
#....#..........#....#
#...e############....#####
#........@................
#.........................
#.........................
#.........................
#.............)...........
####+#''######+##############
#..........# #..........#
#..........# ######

Notes
Turn   | Place    | Note
--------------------------------------------------------------
     0 | D:1      | ololoev the Demonspawn Artificer began the quest for the Orb.
     0 | D:1      | Reached XP level 1. HP: 15/15 MP: 3/3
   272 | D:1      | Gained mutation: You are partially covered in rough black scales (AC +4, Dex -1). [demonic ancestry]
   272 | D:1      | Reached XP level 2. HP: 21/21 MP: 4/4
   424 | D:1      | Reached skill level 1 in Armour
   869 | D:2      | Noticed Sigmund
   872 | D:2      | Killed Sigmund
   872 | D:2      | Gained mutation: You have a pair of small horns on your head. [demonic ancestry]
   872 | D:2      | Reached XP level 3. HP: 29/29 MP: 4/6
   872 | D:2      | Reached XP level 4. HP: 35/35 MP: 4/7
   872 | D:2      | Gained mutation: Your flesh is cold resistant. [demonic ancestry]
   872 | D:2      | Reached XP level 5. HP: 41/41 MP: 4/8
  1289 | D:2      | Found a faded altar to an unknown god.
  1322 | D:2      | Became a worshipper of Lugonu the Unformed
  1322 | D:2      | Reached * piety under Lugonu
  1322 | D:2      | Reached ** piety under Lugonu
  1353 | D:2      | Noticed Natasha
  1359 | D:2      | Killed Natasha
  1359 | D:2      | Reached skill level 1 in Maces & Flails
  1451 | D:2      | Found a bloodstained altar of Trog.
  1492 | D:2      | Reached skill level 1 in Invocations
  1492 | D:2      | Gained mutation: You are immune to freezing clouds. [demonic ancestry]
  1492 | D:2      | Reached XP level 6. HP: 43/47 MP: 9/9
  1501 | D:2      | Noticed Natasha
  1514 | D:2      | Killed Natasha
  1744 | D:3      | Reached *** piety under Lugonu
  1927 | D:3      | Found a glowing silver altar of Zin.
  1929 | D:3      | Found a white marble altar of Elyvilon.
  1930 | D:3      | Found an opulent altar of Gozag.
  1930 | D:3      | Found an oddly glowing altar of Pakellas.
  2575 | D:4      | Found Jari Rang's Antique Armour Emporium.
  2588 | D:4      | Bought a glowing cloak for 130 gold pieces
  2849 | D:4      | Gained mutation: You have a pair of horns on your head. [demonic ancestry]
  2849 | D:4      | Reached XP level 7. HP: 53/53 MP: 10/10
  3015 | D:4      | Found an ancient bone altar of Kikubaaqudgha.
  3044 | D:4      | Reached **** piety under Lugonu
  3082 | D:5      | Entered Level 5 of the Dungeon
  3164 | D:5      | Noticed Edmund
  3270 | D:5      | Your ally died
  3276 | D:5      | Reached XP level 8. HP: 49/61 MP: 11/11
  3680 | D:5      | Found a blossoming altar of Fedhas.
  4058 | D:5      | Reached skill level 5 in Maces & Flails
  4086 | D:6      | Found a sparkling altar of Nemelex Xobeh.
  4234 | D:6      | Reached skill level 5 in Fighting
  4487 | D:6      | Reached skill level 5 in Invocations
  4762 | D:7      | Found a staircase to the Ecumenical Temple.
  4830 | D:7      | Reached XP level 9. HP: 63/68 MP: 13/13
  4909 | D:7      | HP: 1/68 [ogre/giant spiked club (18)]
  5265 | D:7      | Reached skill level 5 in Armour
  5511 | D:7      | Found a shadowy altar of Dithmenos.
  5524 | D:7      | Found a shimmering altar of Xom.
  5527 | D:7      | Found a radiant altar of Vehumet.
  5964 | D:7      | Found a basalt altar of Yredelemnul.
  5991 | D:7      | Reached ***** piety under Lugonu
  6052 | D:8      | Noticed hawthorn's ghost (novice VSWr)
  6078 | D:8      | Banished hawthorn's ghost
  6078 | D:8      | Gained mutation: You are slightly more attuned to the shadows. [demonic ancestry]
  6078 | D:8      | Reached XP level 10. HP: 74/77 MP: 12/15
  6127 | D:8      | Found a sacrificial altar of Ru.
  6490 | D:9      | Found a glowing golden altar of the Shining One.
  6547 | D:9      | Found Wuben's Antique Weapon Boutique.
  6745 | D:9      | Noticed a hill giant
  6746 | D:9      | Banished a hill giant
  7157 | D:10     | Entered Level 10 of the Dungeon
  7447 | D:10     | Noticed a hill giant
  7450 | D:10     | Banished a hill giant
  7553 | D:10     | Noticed a hill giant
  7560 | D:10     | Banished a hill giant
  7774 | D:10     | Found a staircase to the Lair.
  7837 | D:10     | Reached XP level 11. HP: 64/86 MP: 17/17
  8054 | D:11     | Noticed Urug
  8059 | D:11     | Banished Urug
  8073 | D:11     | Found a labyrinth entrance.
  8073 | D:11     | Noticed a hill giant
  8075 | D:11     | Banished a hill giant
  8091 | Lab      | Entered a labyrinth
  8349 | Lab      | Reached skill level 10 in Maces & Flails
  8516 | Lab      | Noticed a minotaur
  8549 | Lab      | Killed a minotaur
  8671 | D:11     | Reached skill level 10 in Invocations
  8755 | D:11     | Found a staircase to the Orcish Mines.
  8767 | D:11     | Noticed a hill giant
  8776 | D:11     | Killed a hill giant
  9389 | Lair:1   | Entered Level 1 of the Lair of Beasts
  9577 | Lair:1   | Gained mutation: You are mostly covered in rough black scales (AC +7, Dex -2). [demonic ancestry]
  9577 | Lair:1   | Reached XP level 12. HP: 71/94 MP: 20/20
  9958 | Lair:1   | Noticed Sonja
  9958 | Lair:1   | Banished Sonja
 10655 | Lair:2   | You fall through a shaft for 2 floors!
 10952 | Lair:4   | Reached skill level 5 in Evocations
 11727 | Lair:4   | Noticed an eight-headed hydra
 11728 | Lair:4   | Banished an eight-headed hydra
 11883 | Lair:3   | Noticed Snorg
 11884 | Lair:3   | Banished Snorg
 12004 | Lair:3   | Found a frozen archway.
 12023 | IceCv    | Entered an ice cave
 12269 | IceCv    | Noticed ololoev's ghost (journeyman DsAr)
 12271 | IceCv    | Banished ololoev's ghost
 13153 | Lair:3   | Identified 3 scrolls of acquirement
 13246 | Lair:3   | Noticed Rupert
 13261 | Lair:3   | Killed Rupert
 13261 | Lair:3   | Gained mutation: You are completely covered in rough black scales (AC +10, Dex -3). [demonic ancestry]
 13261 | Lair:3   | Reached XP level 13. HP: 90/103 MP: 1/21
 13383 | Lair:3   | Noticed Maud
 13391 | Lair:3   | Banished Maud
 13391 | Lair:3   | Reached skill level 5 in Dodging
 13808 | Lair:3   | Got a fine double sword
 13809 | Lair:3   | Identified the +1 double sword of Impatience {slice, +Fly SInv} (You acquired it on level 3 of the Lair of Beasts)
 14341 | Lair:2   | Noticed Gastronok
 14350 | Lair:2   | Killed Gastronok
 14350 | Lair:2   | Reached skill level 10 in Fighting
 14350 | Lair:2   | Reached skill level 1 in Axes
 14684 | Lair:5   | Found a dark tunnel.
 14691 | Volcano  | Entered a volcano
 14832 | Volcano  | Found a burning altar of Makhleb.
 14837 | Volcano  | Reached skill level 2 in Axes
 14983 | Volcano  | Got a spiked scale mail
 14994 | Volcano  | Identified the +2 scale mail "Fytori" {Int+2} (You found it in a volcano)
 15413 | Lair:5   | Reached skill level 3 in Axes
 16462 | Lair:6   | Reached skill level 4 in Axes
 16583 | Lair:6   | Found a staircase to the Snake Pit.
 16653 | Lair:6   | Found a staircase to the Shoals.
 16970 | Lair:6   | Found a staircase to the Slime Pits.
 17077 | Lair:7   | Reached skill level 5 in Axes
 17244 | Lair:7   | Learned a level 1 spell: Apportation
 17397 | Lair:7   | Reached XP level 14. HP: 88/110 MP: 23/23
 17401 | Lair:7   | Reached skill level 6 in Axes
 17611 | Lair:7   | Reached skill level 10 in Armour
 17895 | Lair:7   | Reached ****** piety under Lugonu
 18064 | Lair:5   | Identified a +2 eveningstar of distortion (a +0 eveningstar corrupted by Lugonu)
 18064 | Lair:5   | Received a gift from Lugonu
 18097 | Lair:8   | Entered Level 8 of the Lair of Beasts
 18272 | Lair:8   | Reached skill level 7 in Axes
 18714 | Lair:8   | Reached skill level 8 in Axes
 18789 | Lair:8   | Got an ancient helmet
 19235 | Lair:8   | Reached XP level 15. HP: 59/115 MP: 25/25
 19238 | Lair:8   | Reached skill level 9 in Axes
 20100 | Lair:5   | jacquesderrida: деееееееенг
 20120 | Lair:4   | ololoev: yo
 20230 | D:11     | jacquesderrida: Опять ФрауБитте
 20242 | D:11     | ololoev: ага
 20242 | D:11     | jacquesderrida: Пора выигрывать, лалеер
 20242 | D:11     | ololoev: надеюсь на этом моя полоса неудач закончится
 20242 | D:11     | ololoev: это ппц, джодир!
 20242 | D:11     | jacquesderrida: TAKE A DUMP PLIS
 20270 | Orc:1    | Entered Level 1 of the Orcish Mines
 20271 | Orc:1    | jacquesderrida: Надо мутатеры чекнуть...
 20330 | Orc:1    | jacquesderrida: збс мутатеры
 20772 | Orc:2    | Entered Level 2 of the Orcish Mines
 21140 | Orc:2    | Identified the +0 helmet "Ribuabbotuc" {Regen+} (You found it on level 8 of the Lair of Beasts)
 21245 | Orc:2    | Noticed an orc warlord
 21371 | Orc:2    | Found a roughly hewn altar of Beogh.
 21530 | Orc:2    | Killed an orc warlord
 21578 | Orc:2    | Found Plog's Armour Emporium.
 21741 | Orc:2    | Noticed an orc warlord
 21768 | Orc:2    | Killed an orc warlord
 21889 | Orc:2    | Found a staircase to the Elven Halls.
 22167 | Orc:2    | Reached skill level 10 in Axes
 22324 | Orc:2    | Found Ledaronao's Magic Scroll Shop.
 22331 | Orc:2    | Bought a scroll of identify for 30 gold pieces
 22331 | Orc:2    | Bought a scroll of identify for 30 gold pieces
 22331 | Orc:2    | Bought a scroll of magic mapping for 52 gold pieces
 22331 | Orc:2    | Bought a scroll of vulnerability for 112 gold pieces
 22331 | Orc:2    | Bought a scroll of identify for 30 gold pieces
 22435 | Orc:2    | Found a roughly hewn altar of Beogh.
 22485 | Orc:2    | Found Cuqeijag's Food Emporium.
 22507 | Orc:2    | Reached skill level 15 in Invocations
 22530 | Orc:2    | Noticed an orc warlord
 22638 | Orc:2    | Killed an orc warlord
 22788 | Orc:2    | Found Lagie's Distillery.
 22807 | Orc:2    | Bought 2 potions of heal wounds for 140 gold pieces
 22807 | Orc:2    | Bought a potion of heal wounds for 70 gold pieces
 23082 | Orc:2    | Bought the +0 mask of the Dragon {MR+ Slay+3 SInv} for 400 gold pieces
 24045 | D:13     | Found a gate to the Vaults.
 24071 | D:13     | Reached skill level 11 in Axes
 24257 | D:13     | Found a shadowy altar of Dithmenos.
 24398 | D:13     | Gained mutation: You are significantly more attuned to the shadows. [demonic ancestry]
 24398 | D:13     | Reached XP level 16. HP: 101/122 MP: 27/27
 25357 | D:14     | Reached skill level 12 in Axes
 25391 | D:14     | Got a transparent morningstar
 25392 | D:14     | Identified the +9 morningstar "Hellblazer" {flame, rElec Str+4 Dex-2} (You found it on level 14 of the Dungeon)
 26149 | D:15     | Entered Level 15 of the Dungeon
 26454 | D:15     | Noticed Josephine
 26536 | D:15     | Killed Josephine
 26536 | D:15     | Reached skill level 13 in Axes
 26927 | D:15     | Found a sacrificial altar of Ru.
 26974 | D:15     | Found Kotial's Antique Armour Shoppe.
 27063 | D:15     | Found a staircase to the Depths.
 27446 | Snake:1  | Entered Level 1 of the Snake Pit
 27600 | Snake:1  | Reached skill level 14 in Axes
 27724 | Snake:1  | Found Muopsu Muwu's Distillery.
 27761 | Snake:1  | Bought a potion of berserk rage for 60 gold pieces
 27763 | Snake:1  | Found Usuen's Jewellery Shoppe.
 27796 | Snake:1  | Found Panireclyl's Armour Emporium.
 27935 | Snake:1  | Learned a level 2 spell: Repel Missiles
 28260 | Snake:1  | Found Xediem Xont's Assorted Antiques.
 28388 | Snake:1  | Found Cilalued's General Store.
 28844 | Snake:2  | Found a glowing silver altar of Zin.
 29027 | Snake:2  | Reached skill level 15 in Axes
 29357 | Snake:2  | Reached XP level 17. HP: 120/128 MP: 28/28
 29764 | D:15     | Bought a gold dragon armour for 2000 gold pieces
 30929 | Snake:3  | Found a burning altar of Makhleb.
 30982 | Snake:3  | Noticed Mara
 31724 | Snake:3  | Found Xoelar's Distillery.
 32495 | Snake:4  | Entered Level 4 of the Snake Pit
 32506 | Snake:4  | Noticed Nikola
 32520 | Snake:4  | Reached skill level 16 in Axes
 32686 | Snake:4  | Reached skill level 10 in Dodging
 33003 | Snake:4  | Got a shimmering hat
 33016 | Snake:3  | Identified the +0 hat of Twilight {Int+4 Dex+4 Stlth+} (You acquired it on level 4 of the Snake Pit)
 33353 | Shoals:1 | Entered Level 1 of the Shoals
 33647 | Shoals:1 | Noticed a kraken
 33665 | Shoals:1 | Killed a kraken
 34194 | Shoals:1 | Noticed George's ghost (adept MiFi)
 34220 | Shoals:1 | Killed George's ghost
 34361 | Shoals:2 | Noticed Donald
 34369 | Shoals:2 | Killed Donald
 34380 | Shoals:2 | Got a pair of distressingly furry boots
 34381 | Shoals:2 | Identified the +1 pair of boots of Benevolence {rN+} (You acquired it on level 2 of the Shoals)
 34503 | Shoals:2 | Noticed Polyphemus
 34505 | Shoals:2 | Banished Polyphemus
 34948 | Shoals:2 | Gained mutation: You have a pair of large horns on your head. [demonic ancestry]
 34948 | Shoals:2 | Reached XP level 18. HP: 130/134 MP: 29/29
 35612 | Shoals:3 | Reached skill level 17 in Axes
 36114 | Shoals:3 | Noticed Ilsuiw
 36125 | Shoals:3 | Corrupted Shoals:3
 36141 | Shoals:3 | Killed Ilsuiw
 36407 | Shoals:4 | Entered Level 4 of the Shoals
 37387 | Shoals:4 | Corrupted Shoals:4
 37387 | Shoals:4 | Noticed a bone dragon
 37390 | Shoals:4 | Noticed Jorgrun
 37397 | Shoals:4 | Killed Jorgrun
 37497 | Shoals:3 | Noticed Aizul
 37506 | Shoals:3 | Killed Aizul
 37528 | Shoals:3 | Gained mutation: You are weak. (Str -2) [mutagenic meat]
 37529 | Shoals:3 | Gained mutation: Your mind is acute. (Int +2) [mutagenic meat]
 37530 | Shoals:3 | Gained mutation: Your flesh is very cold resistant. [mutagenic meat]
 37531 | Shoals:3 | Gained mutation: You have sharp toenails. [mutagenic meat]
 37532 | Shoals:3 | Lost mutation: Your mind is acute. (Int +2) [mutagenic meat]
 37533 | Shoals:3 | Gained mutation: Your magical capacity is low (-10% MP). [mutagenic meat]
 37534 | Shoals:3 | Lost mutation: You are weak. (Str -2) [potion of cure mutation]
 37534 | Shoals:3 | Lost mutation: Your flesh is very cold resistant. [potion of cure mutation]
 37535 | Shoals:3 | Gained mutation: You possess an exceptional clarity of mind. [potion of beneficial mutation]
 37872 | Shoals:4 | Got a barnacled rune of Zot
 38097 | Snake:1  | Bought a pitted steel ring for 175 gold pieces
 38097 | Snake:1  | Identified the ring "Zankeh" {*Tele rC+} (You bought it in a shop on level 1 of the Snake Pit)
 38430 | Vaults:1 | Entered Level 1 of the Vaults
 38485 | Vaults:1 | Found Tiuroass's Food Shop.
 39255 | Vaults:1 | Reached skill level 18 in Axes
 39522 | Vaults:1 | Splashed by a deep elf sorcerer's acid

Dungeon Overview and Level Annotations

Branches:
Dungeon (15/15)            Temple (0/1) D:7            Lair (8/8) D:10
 Shoals (4/4) Lair:6        Snake (4/4) Lair:6        Slime (0/6) Lair:6
    Orc (2/2) D:11            Elf (0/3) Orc:2        Vaults (1/5) D:13
 Depths (0/5) D:15

Altars:
Dithmenos
Elyvilon
Fedhas
Gozag
Kikubaaqudgha
Makhleb
Nemelex Xobeh
Pakellas
Ru
Trog
Vehumet
Xom
Yredelemnul
Zin
The Shining One
Beogh
Lugonu

Shops:
D:4 [   D:9 (   D:15 [   Orc:2 !%[?   Snake:1 *!=[*   Snake:3 !   Vaults:1 %

Annotations:
Shoals:3 corrupted
Shoals:4 corrupted
Snake:3 Mara
Snake:4 Nikola
Abyss:1 Maud, Polyphemus, Snorg, Sonja, Urug


Message History

You kill the deep elf knight!
Lugonu accepts your kill. The deep elf knight blocks your attack.
The deep elf knight points at you and mumbles some strange words.
The stone arrow misses you.
The deep elf sorcerer gestures at you while chanting.
The bolt of acid hits you! The acid corrodes you!
The acid burns!
You slice the deep elf sorcerer!! You freeze the deep elf sorcerer.
The deep elf sorcerer is heavily wounded.
You miss the deep elf archer. You slash the deep elf knight!
You freeze the deep elf knight.
The deep elf knight is heavily wounded.
The deep elf sorcerer hits you but does no damage.
The deep elf knight is engulfed in freezing vapours.
The deep elf knight gestures at you while chanting.
The stone arrow hits you!
You closely miss the deep elf sorcerer.
Your headbutt misses the deep elf sorcerer.
The deep elf sorcerer is heavily wounded.
You slash the deep elf knight! You freeze the deep elf knight!
You kill the deep elf knight!
Lugonu accepts your kill.
You miss the deep elf knight.
The deep elf sorcerer hits you but does no damage. x2
The deep elf knight gestures at you while chanting.
The shard of ice hits you!
Your gold dragon armour prevents you from hitting the deep elf sorcerer.
The deep elf sorcerer is heavily wounded.
You slice the deep elf knight!! You freeze the deep elf knight.
The deep elf knight is heavily wounded.
The deep elf sorcerer hits you but does no damage.
The deep elf knight hits you but does no damage.
Unknown command.
You closely miss the deep elf sorcerer.
Your headbutt misses the deep elf sorcerer.
The deep elf sorcerer is heavily wounded.
You miss the deep elf knight.
The deep elf knight is heavily wounded.
The deep elf sorcerer points at you and mumbles some strange words.
The bolt of acid hits you!
The acid burns!
The deep elf sorcerer hits you but does no damage.
You closely miss the deep elf sorcerer.
The deep elf sorcerer is heavily wounded.
You barely miss the deep elf knight.
The deep elf knight is heavily wounded.
The deep elf sorcerer hits you but does no damage.
The deep elf knight barely misses you.
The cyclops throws a large rock.
The large rock hits you but does no damage.
You slash the deep elf sorcerer! You freeze the deep elf sorcerer.
The deep elf sorcerer is severely wounded.
You miss the deep elf knight.
The deep elf knight is heavily wounded.
The deep elf sorcerer gestures at you while chanting.
The bolt of acid hits you!
The acid burns!
The deep elf sorcerer hits you but does no damage.
The cyclops throws a large rock.
The large rock hits the deep elf knight!!
A slime creature and a frost giant come into view.
Your gold dragon armour prevents you from hitting the deep elf sorcerer.
Your headbutt misses the deep elf sorcerer.
The deep elf sorcerer is severely wounded.
You slice the deep elf knight!! You freeze the deep elf knight.
You kill the deep elf knight!
Lugonu accepts your kill.
You closely miss the deep elf archer.
The deep elf sorcerer closely misses you.
The deep elf archer shoots an arrow.
The arrow hits you but does no damage.
The deep elf sorcerer points at you and mumbles some strange words.
The bolt of acid hits you!
The acid burns!
A rakshasa comes into view. It is wielding a long sword.
Read which item? (? for menu, Esc to quit)
Blink to where?
Press: ? - help, Dir - move target cursor You are very lightly contaminated with residual magic.
As you read the scroll of blinking, it crumbles to dust.
Drink which item? (? for menu, Esc to quit)
You feel yourself speed up.
The deep elf sorcerer casts a spell at you.
The bolt of acid hits you!
The acid burns!
You die...

You could see a deep elf sorcerer.

Vanquished Creatures
  Rupert (Lair:3)
  The ghost of George the Fencer, an adept MiFi of the Shining One (Shoals:1)
  2 krakens
  Gastronok (Lair:2)
  A greater naga (Snake:2)
  3 orc warlords (Orc:2)
  Donald (Shoals:2)
  A frost giant (Shoals:4)
  A war gargoyle (Vaults:1)
  3 ironheart preservers (Vaults:1)
  2 merfolk javelineers (Shoals:4)
  A fire dragon (Vaults:1)
  Josephine (D:15)
  6 merfolk impalers
  8 vault guards (D:13)
  6 hydras
  6 naga warriors
  3 merfolk aquamancers
  2 merfolk avatars (Shoals:4)
  9 anacondas
  8 ogre magi
  3 centaur warriors
  A tengu warrior (D:14)
  2 satyrs
  19 death yaks
  2 alligator snapping turtles
  4 orc high priests (Orc:2)
  10 naga sharpshooters
  12 shock serpents
  6 sea snakes
  5 deep elf knights
  A fire crab (Lair:7)
  A deep troll (D:15)
  2 skeletal warriors (D:15)
  An unseen horror (Vaults:1)
  A flayed ghost (Vaults:1)
  An ironbrand convoker (Vaults:1)
  8 naga ritualists
  2 necromancers
  4 harpies (Shoals:4)
  8 hill giants
  A wolf spider zombie (D:15)
  2 lindwurms (Lair:8)
  4 orc knights
  A wolf spider (Vaults:1)
  17 mana vipers
  A hornet (Vaults:1)
  7 orc sorcerers
  5 ugly things
  A deep elf mage (D:13)
  5 cyclopes
  11 griffons
  An orb spider (shapeshifter) (D:13)
  5 salamanders
  8 manticores
  9 fauns
  2 vault sentinels (Vaults:1)
  12 sirens
  3 elephants (Lair:7)
  A torpor snail (Lair:8)
  2 molten gargoyles (Volcano)
  3 ice statues (IceCv)
  41 black mambas
  2 guardian serpents (Snake:3)
  9 spiny frogs
  3 water nymphs
  10 naga magi
  An efreet (D:14)
  A yaktaur (Vaults:1)
  5 rime drakes
  8 komodo dragons
  7 ice devils (IceCv)
  8 polar bears (Lair:8)
  A queen bee (shapeshifter) (Vaults:1)
  19 merfolk
  10 trolls
  A giant leech (Lair:8)
  4 wind drakes
  11 two-headed ogres
  5 raiju (Lair:8)
  8 slime creatures
  23 blink frogs
  6 snapping turtles
  2 boulder beetles (Lair:8)
  A redback (shapeshifter) (Vaults:1)
  Sigmund (D:2)
  10 redbacks
  A vampire (D:15)
  10 water elementals
  3 wyverns
  81 yaks
  A human (D:10)
  7 wraiths
  7 basilisks
  10 hippogriffs
  7 hungry ghosts
  A vampire mosquito (D:13)
  3 mottled dragons
  39 nagas
  12 wargs
  24 water moccasins
  3 hell hounds (Lair:8)
  13 porcupines
  4 sky beasts
  46 orc warriors
  2 ice beasts
  2 elephant zombies (Lair:6)
  14 black bears
  42 ogres
  2 phantoms
  19 wolves
  28 centaurs
  15 crocodiles
  19 giant frogs
  5 big kobolds
  A gnoll sergeant (Orc:2)
  2 wyvern skeletons
  5 scorpions
  A water moccasin skeleton (D:11)
  8 killer bees
  4 howler monkeys
  3 vampire bats (D:4)
  30 wights
  2 electric eels
  3 crimson imps
  6 draconian simulacra (IceCv)
  4 centaur zombies
  A quasit (D:14)
  2 giant frog skeletons
  24 hounds
  2 jellies (D:11)
  2 human zombies (D:7)
  32 orc priests
  12 orc wizards
  6 gnolls
  4 centaur skeletons
  13 iguanas
  Natasha (twice) (D:2)
  7 hell rats (Lair:8)
  10 worker ants
  2 spriggan simulacra (IceCv)
  15 sheep
  A centaur simulacrum (IceCv)
  A crocodile zombie (Lair:6)
  2 hound skeletons
  3 mummies (D:7)
  3 worker ant zombies
  A naga simulacrum (IceCv)
  9 adders
  40 river rats
  3 shadow imps
  12 white imps (Lair:3)
  An ooze (D:2)
  An adder skeleton (D:4)
  A dart slug (D:4)
  7 giant geckos
  98 orcs
  2 ball pythons
  4 bat skeletons (D:4)
  A bat zombie (D:4)
  8 giant cockroaches
  10 goblins
  9 hobgoblins
  15 jackals
  7 quokkas
  4 bats
  A giant cockroach zombie (D:6)
  A giant gecko skeleton (D:5)
  4 giant newts
  A jackal skeleton (D:4)
  A jackal zombie (D:6)
  34 kobolds
  An orc zombie (D:7)
  A quokka skeleton (D:6)
  A quokka zombie (D:8)
  7 rats
  7 fungi
  13 plants
  7 tentacles
1403 creatures vanquished.

Vanquished Creatures (collateral kills)
  Aizul (Shoals:3)
  A merfolk impaler (Shoals:4)
  A minotaur (Lab)
  3 death yaks
  A naga sharpshooter (Snake:2)
  An orc sorcerer (Orc:2)
  A water nymph (Shoals:4)
  2 yaks (Lair:8)
  A necrophage (D:7)
  2 killer bees (D:7)
  A crocodile (Lair:7)
  An orc priest (Orc:2)
  An ogre zombie (D:7)
  2 gnolls (D:2)
  A dart slug (D:2)
  2 orcs (Orc:2)
  A goblin (D:1)
  2 kobolds
25 creatures vanquished.

Vanquished Creatures (others)
  Jorgrun (Shoals:4)
  Ilsuiw (Shoals:3)
  A merfolk javelineer (Shoals:3)
  An ettin (D:14)
  A merfolk impaler (Shoals:4)
  The ghost of ololoev the Basher, a journeyman DsAr of Yredelemnul (IceCv)
  A death knight (D:15)
  A catoblepas (Shoals:2)
  A merfolk avatar (Shoals:4)
  A satyr (Shoals:2)
  A merfolk aquamancer (Shoals:4)
  2 sea snakes
  The ghost of hawthorn the Ducker, a novice VSWr (D:8)
  4 hill giants
  A phantasmal warrior (D:15)
  An orc knight (Orc:2)
  4 harpies
  A cyclops (D:11)
  2 manticores
  2 water nymphs
  4 sirens
  3 spiny frogs
  A freezing wraith (D:15)
  An ice devil (IceCv)
  6 merfolk
  A two-headed ogre (D:15)
  Edmund (D:5)
  A snapping turtle (Shoals:4)
  2 blink frogs (Lair:1)
  An orc warrior (Orc:2)
  An ice beast (D:5)
  An ogre (D:5)
  3 killer bees (D:7)
  2 electric eels (Lair:6)
  2 orc priests (D:7)
  A river rat (Lair:6)
  3 jackals (D:1)
  A bush (Lair:8)
  26 fungi
  19 plants
  2 starspawn tentacles (Shoals:3)
  94 starspawn tentacle segments (Shoals:3)
  13 tentacles
  281 tentacle segments
499 creatures vanquished.

Grand Total: 1927 creatures vanquished

Action                   |  1- 3 |  4- 6 |  7- 9 | 10-12 | 13-15 | 16-18 || total
-------------------------+-------+-------+-------+-------+-------+-------++-------
Melee: Short sword       |    76 |    15 |       |       |       |       ||    91
       Mace              |       |   124 |    60 |       |       |       ||   184
       Headbutt          |       |    10 |    57 |   214 |   189 |   231 ||   701
       Flail             |       |       |   263 |  1056 |    32 |       ||  1351
       Executioner's axe |       |       |       |       |  1053 |  1188 ||  2241
       War axe           |       |       |       |       |    19 |     7 ||    26
Invok: Banish            |       |       |     4 |    25 |     8 |    25 ||    62
       Brand Weapon With |       |       |       |       |     1 |       ||     1
       Corrupt           |       |       |       |       |       |     2 ||     2
 Abil: Evoke Flight      |       |       |       |       |       |    26 ||    26
Evoke: Wand              |    12 |    13 |    20 |    41 |       |       ||    86
       Sack of spiders   |       |       |       |     5 |    14 |       ||    19
       Lamp of fire      |       |       |       |       |     2 |     1 ||     3
       Box of beasts     |       |       |       |       |     7 |     1 ||     8
       Deck              |       |       |       |       |       |     4 ||     4
       Phantom mirror    |       |       |       |       |       |     1 ||     1
  Use: Potion            |       |       |     4 |       |     7 |    11 ||    22
       Scroll            |       |       |     2 |    18 |    19 |    25 ||    64
 Stab: Sleeping          |       |     6 |       |       |     1 |     3 ||    10
       Paralysed         |       |     3 |       |       |       |       ||     3
       Confused          |       |       |       |     4 |       |     3 ||     7
       Distracted        |       |       |       |       |     2 |     3 ||     5
       Held in net/web   |       |       |       |       |     2 |       ||     2
  Eat: Chunk             |       |     6 |     8 |    23 |    37 |    63 ||   137
       Beef jerky        |       |       |     1 |     2 |       |       ||     3
       Royal jelly       |       |       |     1 |       |       |     7 ||     8
       Meat ration       |       |       |       |     2 |     1 |       ||     3
       Fruit             |       |       |       |       |       |     1 ||     1
Armor: Leather armour    |    27 |    45 |       |       |       |       ||    72
       Plate armour      |       |    15 |   306 |   744 |       |       ||  1065
       Skin              |       |     2 |       |       |       |       ||     2
       Fire dragon armou |       |       |       |    10 |   885 |   350 ||  1245
       Gold dragon armou |       |       |       |       |       |  1068 ||  1068
Dodge: Dodged            |    51 |    72 |    78 |   244 |   932 |   545 ||  1922

Vault maps used:
D:1:      dpeg_arrival_rooms_b
D:2:      lightli_temple_of_fire, ecumenical_altar_1, st_stairs_10,
          nrook_mini_backslash, uniq_natasha, uniq_sigmund
D:3:      corexii_shack_village, grunt_temple_overflow_open
D:4:      kennysheep_vampire_church, serial_shops, nicolae_shop_stone,
          first_bread, minmay_gold_behind_fungi, minmay_bisected
D:5:      fedhas_altar_2, uniq_edmund
D:6:      nemelex_altar_shiori
D:7:      minitemple, lemuel_mausoleum_altar_yredelemnul,
          minmay_temple_entry_junction2
D:8:      kennysheep_mini
D:9:      marbit_many_paths, serial_shops, nicolae_shop_crystal
D:10:     lair_0_dummy, grunt_pizzeria
D:11:     orc_0_dummy, lab_entry_generic, uniq_urug
D:13:     erik_vaults_2, grunt_dithmenos_smoke_and_mirrors
D:14:     minmay_stone_trees_small
D:15:     hangedman_depths_entry_civil_slaughter, serial_shops, shop,
          nicolae_ru_awakened_eye, uniq_josephine
Lair:1:   beast_lair_carwin_3, serial_bayou_shore_b, grunt_megastairs_4,
          uniq_sonja
Lair:2:   beast_lair_carwin_2, lemuel_fruit_fields, uniq_gastronok
Lair:3:   serial_forest, infiniplex_forest_straight_2,
          infiniplex_forest_lined_room_2, infiniplex_forest_lined_corner,
          infiniplex_forest_zigzag_1, infiniplex_forest_straight_2,
          infiniplex_forest_lined_2, infiniplex_forest_lined_3,
          infiniplex_forest_end_1, infiniplex_forest_clump_medium,
          portal_ice_cave_entry_imps, lemuel_fruit_fields, lemuel_fruit_fields,
          infiniplex_staircase_pool_2, uniq_snorg, uniq_rupert, uniq_maud
Lair:4:   serial_bayou_shore_b, serial_bayou_shore_a, infiniplex_staircase_pool,
          wad_woods_river_01, grunt_megastairs_2
Lair:5:   lightli_volcano_entry_magma_tube, serial_bayou_shore_b,
          lemuel_fruit_tree
Lair:6:   pond_and_an_island_with_a_cottage, shoals_dummy_entry,
          minmay_snake_entry_guardpost_medium, slime_dummy
Lair:7:   grunt_megastairs_3
Lair:8:   hangedman_lair_in_review, hangedman_lair_caniforms_friends,
          grunt_megastairs_1
Shoals:1: overgrown_statue
Shoals:2: uniq_donald, uniq_polyphemus
Shoals:3: abandoned_shop, uniq_aizul, uniq_ilsuiw
Shoals:4: shoals_end_grunt_ice, shoals_ilsuiw_ice, uniq_jorgrun
Snake:1:  serial_shops, shop, nicolae_shop_stone, shop, nicolae_shop_crystal,
          shop
Snake:2:  cheibrodos_snake_ritualist_ritual, basic_altar, st_stairs_9,
          spider_trap, nicolae_snake_serpentine_hallways, serial_bayou_shore_b
Snake:3:  serial_shops, nicolae_shop_temple_entry_statues_fountains,
          basic_altar, special_room, grunt_ministairs_15, spider_trap, uniq_mara
Snake:4:  snake_pit, uniq_nikola
Orc:1:    nicolae_orc_lava_room
Orc:2:    pubby_orc_utopia
Vaults:1: v_pattern_2, hangedman_vaults_corner, v_misc_27,
          dpeg_vaults_monster_row, vaults_dpeg_doors, vaults_room_glass_cross,
          ontoclasm_vaults_shuriken, v_misc_10, v_misc_12, serial_shops,
          nicolae_shop_statue_plus
Lab:      nicolae_lab_dead_adventurers, nicolae_lab_arrow, nicolae_lab_blocks,
          lab_statue, nicolae_lab_do_over, nicolae_lab_flowing_pool,
          nicolae_lab_garden, lab_hedge
IceCv:    ice_cave_tombish
Volcano:  volcano_lake
